Map: Prion Terraces

Players

IIIIIIIIIIII - Winner!

  • Race: Zerg Zerg
  • League: Grandmaster

Miszu

  • Race: Terran Terran
  • League: Master

VOD

Have the link to the VOD?

Description

Time

  • Played on: March 22, 2016, 3 p.m.
  • Length: 18:56
Show
View Real Time Build Order
Export as new Build Order

IIIIIIIIIIII Zerg - Winner!

Build Orders: Hatch First 

Get SALT Encoding   

  12  0:01  Drone  
  13  0:13  Drone  
  14  0:34  Hatchery  
  13  0:38  Drone  
  14  0:44  Overlord  
  14  0:56  Extractor x2, Drone x2  
  14  1:03  Drone  
  17  1:05  Extractor  
  17  1:10  Drone  
  17  1:20  Spawning Pool  
  17  1:23  Drone  
  17  1:32  Drone  
  18  1:42  Drone  
  19  1:56  Drone x2  
  21  2:07  Queen x2  
  25  2:09  Zergling x4  
  25  2:12  Zergling x2  
  28  2:16  Metabolic Boost  
  28  2:21  Overlord  
  28  2:27  Overlord  
  28  2:39  Roach Warren  
  28  2:40  Zergling x2  
  28  2:41  Zergling x4  
  30  2:48  Queen  
  32  2:53  Zergling x2  
  33  3:02  Zergling x8  
  36  3:13  Overlord  
  38  3:20  Roach x3  
  42  3:33  Roach x2  
  44  3:35  Drone x3  
  47  3:42  Roach  
  49  3:48  Drone  
  49  3:49  Drone  
  49  3:52  Extractor  
  50  3:57  Overlord  
  50  3:58  Overlord  
  50  4:12  Hatchery  
  49  4:17  Drone x3  
  49  4:21  Drone x2  
  54  4:24  Drone  
  54  4:27  Drone  
  56  4:31  Overlord  
  56  4:35  Ravager x2  
  58  4:41  Ravager  
  58  4:44  Drone x2  
  58  4:45  Drone x2  
  59  5:02  Drone x7  
  66  5:07  Overlord  
  66  5:10  Roach x3  
  72  5:16  Ravager  
  72  5:20  Roach  
  75  5:26  Roach x2  
  79  5:40  Overlord x2  
  79  5:41  Drone  
  79  5:42  Drone x6  
  86  5:44  Lair  
  86  5:53  Drone x3  
  89  5:58  Queen  
  89  5:59  Overlord x2  
  89  6:02  Extractor  
  89  6:03  Extractor x2  
  83  6:13  Drone x3  
  84  6:22  Drone x9  
  84  6:23  Drone  
  93  6:31  Extractor  
  92  6:46  Hatchery  
  90  6:47  Glial Reconstitution, Infestation Pit  
  90  6:50  Drone  
  90  6:51  Drone x3  
  90  6:52  Drone x2  
  93  6:55  Drone x2  
  93  6:56  Overlord  
  93  6:58  Drone x2  
  93  6:59  Drone  
  98  7:01  Evolution Chamber x2  
  98  7:02  Roach  
  98  7:04  Ravager x4  
  98  7:06  Zergling x10  
  98  7:08  Zergling x6  
  110  7:23  Infestor x2  
  114  7:34  Overlord x2  
  114  7:36  Zerg Melee Weapons Level 1  
  114  7:37  Drone x8  
  114  7:41  Zerg Ground Armor Level 1  
  121  7:47  Infestor  
  121  7:49  Overlord x2  
  121  7:50  Zergling x6  
  126  7:59  Hive, Zergling x12  
  126  8:00  Zergling x2  
  126  8:01  Zergling x4  
  126  8:02  Zergling x2  
  126  8:03  Queen  
  138  8:09  Zergling x2  
  138  8:10  Zergling x6  
  138  8:12  Ravager x3  
  145  8:13  Zergling x6  
  145  8:18  Zergling x2  
  148  8:25  Zergling x4  
  148  8:26  Zergling x2  
  129  8:28  Zergling x4  
  129  8:29  Zergling x2  
  133  8:34  Zergling x12  
  133  8:38  Zergling x2  
  139  8:45  Overlord x2  
  139  8:46  Zergling x4  
  141  8:52  Infestor  
  141  8:54  Overlord  
  142  8:57  Extractor x2  
  140  9:05  Zergling x8  
  144  9:12  Overlord, Adrenal Glands  
  144  9:13  Zergling x2, Ultralisk Cavern  
  144  9:14  Zergling x18  
  153  9:17  Zergling x2  
  153  9:18  Zergling x6  
  153  9:22  Roach x2  
  161  9:28  Zergling x2  
  162  9:38  Zergling x8  
  166  9:41  Zerg Ground Armor Level 2, Zerg Melee Weapons Level 2  
  166  10:01  Chitinous Plating  
  166  10:02  Ultralisk x4  
  189  10:20  Ultralisk  
  192  10:51  Hatchery  
  191  11:02  Spire, Drone x3  
  191  11:03  Baneling Nest, Drone x6  
  159  11:45  Ultralisk  
  159  11:46  Ultralisk x4  
  178  11:57  Ultralisk x4  
  187  12:22  Zerg Melee Weapons Level 3  
  187  12:23  Corruptor, Zerg Flyer Weapons Level 1, Zerg Ground Armor Level 3  
  187  12:28  Zergling x18  
  198  12:41  Drone  
  198  12:42  Drone  
  200  12:56  Spine Crawler  
  200  12:57  Spore Crawler x2  
  196  12:58  Spine Crawler x2  
  196  13:00  Drone x5  
  196  13:03  Corruptor  
  199  13:17  Hatchery  
  198  13:23  Centrifical Hooks  
  199  13:28  Extractor  
  199  13:29  Extractor, Spine Crawler  
  199  13:30  Spine Crawler  
  199  13:31  Spine Crawler  
  199  13:32  Corruptor x3  
  194  13:54  Ultralisk x3  
  171  14:03  Infestor x2  
  171  14:04  Infestor x2  
  171  14:07  Drone x2  
  181  14:13  Corruptor  
  181  14:14  Corruptor x3  
  190  14:24  Drone x3  
  190  14:27  Zerg Flyer Weapons Level 2  
  192  14:34  Hatchery  
  192  14:36  Zergling x16  
  199  14:40  Baneling  
  199  14:41  Baneling x9  
  199  14:42  Baneling  
  199  14:43  Baneling x2  
  199  14:44  Baneling  
  199  15:37  Baneling x8  
  199  15:50  Hatchery  
  195  16:04  Drone  
  195  16:05  Drone x3  
  199  16:36  Corruptor  
  199  16:37  Corruptor x4  
  199  17:06  Zergling x8  
  199  17:07  Zergling x8  
  199  17:10  Hatchery  
  170  17:20  Corruptor  
  170  17:21  Corruptor x13  
  152  17:25  Ultralisk x3  
  152  17:26  Ultralisk  
  152  17:27  Infestor x2  
  152  17:29  Infestor  
  181  17:31  Baneling x5  
  181  17:32  Baneling x2  
  181  17:35  Ravager  
  182  17:41  Drone  
  182  17:42  Drone x6  
  189  17:52  Corruptor x3  
  195  18:02  Infestor  
  195  18:05  Roach  
  199  18:12  Baneling  
  199  18:13  Baneling x9  
  195  18:33  Zergling x12  
  195  18:34  Zergling x4  
Show
View Real Time Build Order
Export as new Build Order

Miszu Terran 

Build Orders: MMM Bio 

Get SALT Encoding   

  12  0:00  SCV  
  13  0:12  SCV  
  14  0:19  Supply Depot  
  14  0:24  SCV  
  15  0:40  SCV  
  16  0:43  Barracks  
  16  0:46  Refinery  
  16  0:53  SCV  
  17  1:05  SCV  
  17  1:09  Barracks  
  18  1:17  SCV  
  19  1:22  Barracks  
  19  1:29  SCV  
  19  1:30  Refinery  
  20  1:33  Reaper  
  21  1:46  Supply Depot  
  21  1:54  Orbital Command  
  21  1:58  Reaper  
  22  2:06  Reaper  
  23  2:11  Reaper  
  24  2:16  Supply Depot  
  24  2:20  SCV  
  25  2:30  Reaper  
  25  2:36  SCV  
  27  2:38  Reaper  
  28  2:45  Reaper  
  28  2:48  SCV  
  30  3:00  SCV  
  30  3:02  Reaper  
  32  3:10  Reaper  
  32  3:11  Command Center  
  32  3:13  SCV  
  32  3:17  Reaper  
  34  3:25  SCV  
  35  3:34  Reaper  
  35  3:41  SCV  
  36  3:42  Reaper  
  37  3:53  SCV  
  39  4:01  Command Center  
  38  4:05  SCV  
  39  4:11  Barracks Reactor  
  39  4:17  Barracks Tech Lab, SCV  
  38  4:20  Barracks Reactor  
  38  4:21  Supply Depot  
  38  4:23  Orbital Command  
  39  4:29  SCV  
  40  4:36  Engineering Bay  
  40  4:41  Marine, SCV  
  40  4:42  Engineering Bay  
  42  4:47  Marine  
  42  4:48  Marine  
  42  4:49  SCV  
  44  4:53  SCV  
  44  4:59  Marine  
  46  5:01  SCV  
  46  5:02  Marine  
  46  5:03  Marine  
  46  5:05  Marine x2, Stimpack, SCV  
  52  5:10  Factory  
  52  5:13  SCV  
  53  5:22  SCV  
  53  5:24  Marine x5  
  53  5:27  SCV  
  60  5:41  Marine  
  60  5:42  Marine x3  
  64  5:43  SCV  
  64  5:48  Terran Infantry Weapons Level 1, Terran Infantry Armor Level 1  
  65  5:50  Supply Depot  
  65  5:56  Supply Depot, Refinery  
  65  5:57  Marine, Refinery  
  65  5:58  SCV  
  65  5:59  Marine, SCV  
  65  6:01  Factory Reactor  
  65  6:03  Starport  
  69  6:11  SCV x2  
  67  6:19  Marine  
  67  6:20  Marine x4, Orbital Command  
  67  6:23  SCV x2  
  72  6:35  Barracks, SCV x2  
  72  6:36  Barracks  
  72  6:37  Marine x3  
  72  6:38  Marine  
  78  6:47  Factory Tech Lab, SCV x2  
  78  6:52  Marine  
  79  6:55  SCV  
  79  6:59  SCV x2  
  82  7:02  Bunker, Marine x3  
  82  7:03  Supply Depot  
  82  7:04  Medivac x2  
  82  7:07  Siege Tank, SCV  
  93  7:11  Armory  
  93  7:17  Refinery  
  93  7:19  Refinery  
  93  7:25  Supply Depot, Marine, Marauder, SCV x3  
  93  7:26  Supply Depot  
  93  7:28  Supply Depot  
  99  7:35  Marine  
  99  7:36  Marine  
  101  7:37  Barracks Reactor x2  
  101  7:40  Combat Shields  
  101  7:47  Marauder, Siege Tank, SCV x2  
  108  7:52  Supply Depot  
  108  7:53  Supply Depot, Marine  
  108  7:54  Marine x3  
  108  7:56  Medivac x2  
  116  8:08  Marine  
  116  8:11  Marine  
  118  8:13  Marine  
  118  8:14  Marine x6  
  120  8:26  Marauder  
  106  8:29  Marine  
  106  8:31  Marine, Medivac x2  
  106  8:32  Marine x2  
  114  8:36  Terran Vehicle Weapons Level 1  
  114  8:38  Marine  
  114  8:39  Marine, Siege Tank  
  114  8:40  Marine x2  
  121  8:47  Marine  
  121  8:48  Marauder  
  123  8:49  Marine x2  
  123  8:50  Marine  
  123  8:52  SCV x3  
  123  8:54  Supply Depot  
  128  8:56  Marine  
  128  8:57  Marine  
  130  9:05  Liberator x2  
  130  9:07  Marine  
  130  9:08  Marine  
  130  9:09  Marine x4, Marauder  
  122  9:14  Marine  
  122  9:15  Command Center  
  129  9:31  Marauder  
  131  9:33  Barracks  
  131  9:34  Barracks  
  131  9:35  Barracks  
  131  9:38  Siege Tank  
  134  9:48  Liberator  
  134  9:52  Marauder  
  136  9:54  Terran Infantry Armor Level 2, Terran Infantry Weapons Level 2  
  136  9:59  Marine  
  136  10:00  Marine x7  
  147  10:10  Liberator  
  147  10:12  Ghost Academy  
  147  10:13  Marauder  
  149  10:21  Barracks Tech Lab  
  149  10:22  Barracks Tech Lab  
  149  10:23  Starport, Barracks Tech Lab  
  149  10:27  SCV  
  147  10:48  Medivac  
  157  10:55  Ghost x3  
  157  10:56  Marine x2, Ghost  
  157  10:57  Marine x3  
  157  11:00  Command Center  
  160  11:04  Liberator  
  160  11:05  Planetary Fortress  
  160  11:08  Marine  
  160  11:09  Refinery  
  161  11:19  Refinery  
  161  11:20  Liberator  
  161  11:22  Starport Tech Lab  
  164  11:29  Marine x3  
  164  11:35  Ghost  
  152  11:44  Marauder, Liberator  
  135  11:47  Marauder, Liberator  
  135  11:53  Marine  
  135  11:54  Marine x7, Marauder  
  128  12:03  Marine, Liberator  
  128  12:05  Marine  
  128  12:08  Marine  
  128  12:11  Marine  
  128  12:12  Marine x7  
  128  12:15  Marine  
  133  12:16  Orbital Command  
  133  12:21  Marine  
  137  12:23  Marine  
  137  12:24  SCV x2  
  137  12:26  Marine  
  137  12:29  Marine  
  142  12:33  Marauder  
  142  12:36  SCV x2  
  146  12:40  Marauder  
  148  12:48  SCV  
  148  12:49  Liberator  
  148  12:50  Liberator  
  149  12:54  Ghost  
  149  12:55  SCV  
  149  13:04  Ghost  
  147  13:22  Refinery x2  
  147  13:26  Liberator, Ghost  
  149  13:32  Liberator  
  149  13:33  Liberator  
  149  13:42  Ghost  
  149  13:44  SCV x3  
  110  14:06  Ghost x3  
  110  14:08  Liberator  
  116  14:12  Marine x3  
  116  14:14  Refinery  
  116  14:15  Liberator  
  119  14:17  Ghost  
  124  14:34  Marine, Ghost x2  
  132  14:39  Ghost  
  132  14:43  SCV  
  135  14:46  Ghost  
  135  14:47  SCV x2  
  139  14:56  SCV  
  140  15:03  Ghost  
  140  15:05  SCV x2  
  144  15:08  SCV  
  144  15:09  Liberator  
  144  15:12  Liberator  
  145  15:15  Ghost  
  145  15:17  SCV  
  145  15:20  Ghost  
  156  15:49  Liberator  
  156  15:53  Ghost  
  154  16:04  Ghost  
  154  16:05  Ghost  
  158  16:34  Command Center  
  158  16:41  Ghost  
  160  16:48  Ghost  
  102  17:23  Ghost x3  
  112  17:32  Ghost  
  110  17:51  Ghost  
  110  17:57  Orbital Command  
  112  18:04  Refinery  
  112  18:06  Refinery  
  112  18:10  Ghost  
  114  18:17  Ghost  
Tags
 
Add a new tag
Caveats
  • Supply blocks, unpowered buildings, or Contaminate may cause inaccurate times.
  • Supply counts are checked every 10 seconds.